 Dungeon Crawl Stone Soup version 0.31-a0-466-g98c9adc2b6 (webtiles) character file.

Game seed: 6827729917324307015

31 Chingon the Trooper (level 3, 0/29 HPs)
             Began as a Demonspawn Monk on Aug 5, 2023.
             Slain by a bat (1 damage)
             ... on level 2 of the Dungeon.
             The game lasted 00:01:00 (984 turns).

Chingon the Trooper (Demonspawn Monk)                Turns: 984, Time: 00:01:01

Health: 0/29       AC:  3    Str: 11    XL:     3   Next: 7%
Magic:  3/3        EV: 13    Int: 11    God:
Gold:   86         SH:  0    Dex: 17    Spells: 2/2 levels left

rFire   . . .        a - +0 falchion
rCold   . . .        d - orb {light}
rNeg    . . .        b - +0 robe
rPois   .            (no helmet)
rElec   .            (no cloak)
rCorr   .            (no gloves)
SInv    .            (no boots)
Will    .....        (no amulet)
Stlth   +            (no ring)
HPRegen 0.24/turn    (no ring)
MPRegen 0.08/turn

%: no passive effects
@: glowing
A: foul stench 1, sharp scales 1
a: no special abilities


You were on level 2 of the Dungeon.
You visited 1 branch of the dungeon, and saw 2 of its levels.

You collected 86 gold pieces.

Inventory:

Hand Weapons
 a - a +0 falchion (weapon)
Armour
 b - a +0 robe (worn)
 d - an orb of light (worn)
Talismans
 j - a blade talisman
Scrolls
 e - a scroll of enchant armour {unknown}
 f - 2 scrolls of identify {unknown}
 g - 2 scrolls of noise {unknown}
 h - a scroll of poison {unknown}
 i - a scroll of teleportation {unknown}
 k - a scroll of revelation {unknown}
Potions
 c - a potion of ambrosia
 l - a potion of lignification {unknown}


   Skills:
 + Level 3.3 Fighting
 * Level 3.3 Long Blades
 + Level 3.0 Dodging


You had 2 spell levels left.
You didn't know any spells.
Your spell library contained the following spells:

 Spells                   Type           Power      Damage    Failure   Level
 Vhi's Electric Charge    Tloc/Air       0%         N/A       71%         3
 Arcjolt                  Conj/Air       0%         1d10      100%        5
 Maxwell's Capacitive Co  Air            0%         ∞         100%        8


Dungeon Overview and Level Annotations

Branches:
Dungeon (2/15)

Altars:

Annotations:
D:2 Terence


Innate Abilities, Weirdness & Mutations

You may rarely emit foul miasma when damaged in melee.
You are partially covered in razor-sharp scales. (AC +1, Slay +1)


Message History

A goblin comes into view. It is wielding a +0 club.
The goblin shouts!
The goblin throws a stone.
The stone closely misses you.
A goblin is nearby!
A goblin is nearby!
A goblin is nearby!
A goblin is nearby!
The goblin hits you with a +0 club.
You barely miss the goblin. The goblin misses you.
You hit the goblin.
You kill the goblin!
No target in view!
No target in view!
No target in view!
Found a club and a robe.
A bat comes into view.
A bat is nearby!
A bat is nearby!
A bat is nearby!
You slash the bat!
You kill the bat!
No target in view!
No target in view!
Found a stone staircase leading up.
Terence and a bat come into view.
Terence is wielding a +0 mace and wearing a +4 scale mail of willpower.
Found a dagger.
Terence shouts!
There are monsters nearby!
There are monsters nearby!
There are monsters nearby!
You hit Terence but do no damage. Terence hits you with a +0 mace!
The bat hits you but does no damage. Terence attacks as you move away!
Terence hits you with a +0 mace. The bat misses you.
Terence hits you with a +0 mace! The bat hits you but does no damage.
Terence attacks as you move away! Terence hits you with a +0 mace!
* * * LOW HITPOINT WARNING * * *
The bat hits you.
You die...

#.# #.##.##.#
#.######.##.# .#
#........##.#####.##
#...................
#.#####...#.#####.###
##..#.# .... #..#.#
..# #..#.####<.#
#..#...@b@.#
#..######....... #..#
.....$# #..# ..###.#
#..# ..# # )## .# ..


You could see Terence and a bat.

Vanquished Creatures
  A dart slug (D:2)
  2 endoplasms (D:1)
  3 giant cockroaches (D:1)
  3 goblins
  3 hobgoblins
  4 kobolds
  3 quokkas
  3 ball pythons (D:1)
  2 bats
  A frilled lizard (D:1)
  2 rats (D:1)
27 creatures vanquished.

Notes
Turn   | Place    | Note
-------+----------+-------------------------------------------
     0 | D:1      | Chingon the Demonspawn Monk began the quest for the Orb.
     0 | D:1      | Reached XP level 1. HP: 18/18 MP: 1/1
   190 | D:1      | Gained mutation: You may rarely emit foul miasma when
                  | damaged in melee. [demonic ancestry]
   190 | D:1      | Reached XP level 2. HP: 24/24 MP: 2/2
   552 | D:1      | Found a faded altar of an unknown god.
   902 | D:2      | Gained mutation: You are partially covered in razor-sharp
                  | scales. (AC +1, Slay +1) [demonic ancestry]
   902 | D:2      | Reached XP level 3. HP: 21/29 MP: 3/3
   980 | D:2      | Noticed Terence
   984 | D:2      | HP: 1/29 [Terence/+0 mace (10)]
   984 | D:2      | Slain by a bat

Illustrated notes

Levels and vault maps discovered:
D:1:      mrwooster_arrival_arrow, layout_rooms,
          hellmonk_ecumenical_altar_leap_of_faith, serial_curves,
          eino_curves_04, eino_curves_01, minmay_misc_feat_square, hex_large,
          st_stairs_8
D:2:      layout_basic, uniq_crazy_yiuf_cottage, uniq_terence

Skill      XL: |  1  2 |
---------------+-------+-----
Long Blades    | 3 |  3.3
Dodging        | 3 |  3.0
Fighting       | |  3.3

Action                     || total
---------------------------++-------
  Melee: Falchion          ||    66
 Armour: Robe              ||    10
  Dodge: Dodged            ||    42

Table legend: (Time is in decaauts)
 A = Elapsed time spent in this place.
 B = Non-inter-level travel time spent in this place.
 C = Inter-level travel time spent in this place.
 D = Time resting spent in this place.
 E = Time spent auto-exploring this place.
 F = Levels seen in this place.
 G = Mean time per level.
                   A        B        C        D        E       F      G
               +--------+--------+--------+--------+--------+-----+--------+
         Total |    993 |    949 |     44 |      0 |    790 |   2 |  496.5 |
       Dungeon |    993 |    949 |     44 |      0 |    790 |   2 |  496.5 |
               +--------+--------+--------+--------+--------+-----+--------+

Top non-repeatable levels by time:
     D:1: 750 daAuts
     D:2: 243 daAuts
